 Dungeon Crawl Stone Soup version 0.27.1-1-g398f81649c (webtiles) character file.

Game seed: 10750706697890027695

7 DerLolli the Firebug (level 1, 0/10 HPs)
             Began as a Deep Elf Fire Elementalist on Sept 10, 2021.
             Slain by a bat (1 damage)
             ... on level 2 of the Dungeon.
             The game lasted 00:03:59 (385 turns).

DerLolli the Firebug (Deep Elf Fire Elementalist)    Turns: 385, Time: 00:04:00

Health: 0/10       AC:  2    Str:  5    XL:     1   Next: 91%
Magic:  6/6        EV: 12    Int: 19    God:
Gold:   0          SH:  0    Dex: 15    Spells: 5/6 levels left

rFire    . . .     SeeInvis .   e - +0 falchion
rCold    . . .     Faith    .   (no shield)
rNeg     . . .     Spirit   .   a - +0 robe
rPois    .         Reflect  .   (no helmet)
rElec    .         Harm     .   (no cloak)
rCorr    .         Rampage  .   (no gloves)
Will     .....                  (no boots)
Stlth    ++........             (no amulet)
HPRegen  0.03/turn              (no ring)
MPRegen  0.10/turn              (no ring)

@: no status effects
A: no striking features
a: no special abilities


You were on level 2 of the Dungeon.
You visited 1 branch of the dungeon, and saw 2 of its levels.

Inventory:

Hand Weapons
 c - a +0 mace
 e - a +0 falchion (weapon)
Missiles
 f - 24 arrows
Armour
 a - a +0 robe (worn)
 d - a +0 ring mail
Scrolls
 b - a scroll of torment {unknown}


   Skills:
 + Level 2.4 Dodging
 + Level 2.6 Stealth
 + Level 3.0 Spellcasting
 + Level 1.1 Conjurations
 + Level 3.8 Fire Magic


You had 5 spell levels left.
You knew the following spells:

 Your Spells              Type           Power      Damage    Failure   Level
a - Foxfire               Conj/Fire      48%        2x1d6     5%          1

Your spell library contained the following spells:

 Spells                   Type           Power      Damage    Failure   Level
 Conjure Flame            Conj/Fire      12%        6-21      17%         3
 Inner Flame              Hex/Fire       10%        N/A       22%         3
 Sticky Flame             Conj/Fire      12%        2d4       50%         4
 Fireball                 Conj/Fire      6%         3d5       83%         5


Dungeon Overview and Level Annotations

Branches:
Dungeon (2/15)

Altars:


Message History

The bat misses you.
The hobgoblin shouts!
You hear a shout!
You hear an angry hiss.
You hit the hobgoblin but do no damage. The bat barely misses you.
You riposte.
You closely miss the bat. The bat barely misses you.
The hobgoblin closely misses you.
You barely miss the hobgoblin. The bat hits you but does no damage.
The bat hits you. The hobgoblin closely misses you.
You riposte.
You hit the hobgoblin.
The hobgoblin is moderately wounded.
The bat hits you but does no damage.
You closely miss the hobgoblin.
The hobgoblin is moderately wounded.
A goblin comes into view. It is wielding a +0 dagger.
The hobgoblin barely misses you. The hobgoblin closely misses you.
The goblin shouts!
You hit the hobgoblin but do no damage.
The hobgoblin is moderately wounded.
The bat barely misses you. The hobgoblin hits you.
* * * LOW HITPOINT WARNING * * *
You closely miss the hobgoblin.
The hobgoblin is moderately wounded.
The bat hits you.
* * * LOW HITPOINT WARNING * * *
The hobgoblin hits you but does no damage.
You hit the hobgoblin.
You kill the hobgoblin!
The bat closely misses you. The bat closely misses you.
The bat hits you but does no damage.
A frilled lizard comes into view.
The bat completely misses you. The bat hits you but does no damage.
You see here a +0 plate armour.
A worm comes into view.
The bat hits you but does no damage. The goblin closely misses you.
The bat closely misses you. The bat hits you.
* * * LOW HITPOINT WARNING * * *
You barely miss the bat. The bat closely misses you. The bat hits you.
You die...

##.#.........>#####.#
......#†......# #.#
#.#.#..##.##.# ###.# ##.#.#
....# #...# ###.#####.#
#.### ###.......# #.#
#.....<....###.##########
#.##<##......#.l........#
............@bg.##.#.###w#.#
#
#.##..#....#.#.##..........
#.##.##.##.#.#.##b#.###.#.
#.......(..#.#.##...###.#
######.......#....#..l..#
#...#########.######
#...####### #. #.........#
... ######...#####.#.#..


You could see a goblin, a bat and a frilled lizard.

Vanquished Creatures
  An endoplasm (D:2)
  A giant cockroach (D:2)
  A hobgoblin (D:2)
  A quokka (D:2)
  2 bats (D:2)
6 creatures vanquished.

Notes
Turn   | Place    | Note
-------+----------+-------------------------------------------
     0 | D:1      | DerLolli the Deep Elf Fire Elementalist began the quest for
                  | the Orb.
     0 | D:1      | Reached XP level 1. HP: 10/10 MP: 6/6
     7 | D:1      | You fall into a shaft and drop 1 floor!
   385 | D:2      | Slain by a bat

Illustrated notes

Levels and vault maps discovered:
D:1:      minmay_arrival_checkered_box, layout_loops_cross,
          hellmonk_ecumenical_altar_inner_sanctum
D:2:      layout_loops_cross, serial_shops, nicolae_shop_waterfront,
          chequers_serial_rivers_large_a, uniq_natasha

Action                   || total
-------------------------++-------
Melee: Falchion          ||    15
       Mace              ||     9
       Unarmed           ||     7
 Stab: Sleeping          ||     1
Armor: Robe              ||    17
Dodge: Dodged            ||    40
       Rpst.: Falchion   ||     4
